AoeStats
← Cubot

Arabia

504881940Analyzed
1v1 RM · 25d ago on Sep 6, 2026· 34m 21s· 2 players
Game mode
Random Map
Map size
Tiny (2 player)
Population
200
Speed
Normal
Resources
Standard
Victory
Conquest
Starting age
Dark Age
Ending age
Imperial Age
RankedLock teamsTeams togetherTeam positionsShared explorationLock speedFull tech treeHidden civsTurbo modeCheats
Victory
Defeat
🇺🇸 Huns · United States
1046
+15
🇫🇮 Ethiopians · Finland
1024
-15
Cubot
6:06 Loom
11:36 Feudal Age
14:17 Double-Bit Axe
15:28 Horse Collar
18:59 Fletching
19:32 Scale Mail Armor
19:43 Forging
20:08 Padded Archer Armor
23:07 Castle Age
22:08 Padded Archer Armor
23:08 Crossbowman
24:06 Leather Archer Armor
23:48 Bodkin Arrow
25:00 Leather Archer Armor
24:58 Forging
27:06 Bow Saw
pony down
6:02 Loom
9:22 Feudal Age
10:09 Double-Bit Axe
10:55 Horse Collar
22:00 Castle Age
20:39 Wheelbarrow
21:00 Bloodlines
21:30 Scale Barding Armor
21:16 Fletching
22:19 Gold Mining
24:43 Light Cavalry
25:27 Husbandry
26:28 Bow Saw
26:25 Elite Skirmisher
32:50 Chain Barding Armor
32:47 Bodkin Arrow
Connection lost

Rejoining the realm…

Still unreachable

The connection could not be restored.

Session expired

The server has moved on; the page needs a fresh start.